 Dungeon Crawl Stone Soup version 0.32-a0-468-g38b2580584 (console) character file.

Game seed: 9640719330604352204

2114640 elliptic the Conqueror (level 27, 249/249 HPs)
             Began as a Coglin Brigand on Feb 23, 2024.
             Was the Champion of Ru.
             Escaped with the Orb
             ... and 3 runes
             ... and 2 gems on Feb 24, 2024!
             The game lasted 03:33:49 (53646 turns).

elliptic the Conqueror (Coglin Brigand)            Turns: 53646, Time: 03:33:50

Health: 249/249    AC: 42    Str: 17    XL:     27
Magic:  24/24      EV: 24    Int: 14    God:    Ru [******]
Gold:   4235       SH:  0    Dex: 47    Spells: 27/36 levels left

rFire   + . .        a - +7 demon blade (elec) {norare}
rCold   + . .        b - +9 demon blade (chaos) {José}
rNeg    + + +        Y - +4 gold dragon scales {nodragon}
rPois   +            w - +1 helmet of Agoariont {rN+ Dex+5}
rElec   .            L - +2 cloak {Will+}
rCorr   .            F - +2 pair of gloves
SInv    .            K - +2 pair of boots of the Tormentor {rN+ Int+3}
Will    ++...        Z - amulet of Vitality {RegenMP++ Regen++} Stlth
                     O - ring "Ditun" {Str+3 Dex+6}
HPRegen 2.21/turn    W - ring of Ciuzuiv {Fly rN+ Dex+7}
MPRegen 0.99/turn

%: no passive effects
@: mighty, flying, hasted, very quick
A: low MP 2, no stealth, inability to use devices, hated by all, weak-willed 1,
no forms, off-hand wielding, slow wielding, warmup strikes, no rings, agile 1,
mutation resistance 1
0: Orb of Zot
}: 3/15 runes: barnacled, silver, gossamer
a: Renounce Religion, Draw Out Power, Power Leap, Apocalypse


You escaped.
You worshipped Ru.
Ru was exalted by your worship.
You visited 11 branches of the dungeon, and saw 51 of its levels.
You visited 1 bazaar.
You also visited: Trove, Bailey, Ice Cave, Volcano and Desolation.

You collected 9500 gold pieces.
You spent 5265 gold pieces at shops.


Innate Abilities, Weirdness & Mutations

Your magical capacity is very low. (-20% MP)
You cannot be stealthy.
You cannot study or use magical devices.
You are hated by all.
You are slightly weak-willed. (Will-)
You cannot voluntarily change form.
You can wield a second weapon in your off-hand.
It takes a long time for you to wield or remove held weapons.
Your first few attacks do less damage.
Your grasper-arms cannot wear rings.
You are agile. (Dex +4, Str/Int -1)
You are somewhat resistant to further mutation.


   Skills:
 O Level 27 Fighting
 - Level 1.7(8.4) Short Blades
 - Level 14.0 Long Blades
 - Level 6.8 Axes
 - Level 1.7 Throwing
 - Level 21.0 Armour
 - Level 24.0 Dodging
 - Level 5.0 Spellcasting
 + Level 18.6 Translocations


You had 27 spell levels left.
You knew the following spells:

 Your Spells              Type           Power      Damage    Failure   Level
a - Manifold Assault      Tloc           53%        N/A       3%          4
j - Lesser Beckoning      Tloc           100%       N/A       1%          2
v - Blink                 Tloc           100%       N/A       1%          2
A - Apportation           Tloc           100%       N/A       1%          1

Your spell library contained the following spells:

 Spells                   Type           Power      Damage    Failure   Level
 Gell's Gravitas          Tloc           53%        N/A       1%          3
 Teleport Other           Tloc           53%        N/A       1%          3
 Passage of Golubria      Tloc           53%        N/A       3%          4
 Momentum Strike          Conj/Tloc      58%        3d9       22%         2
 Dispersal                Tloc           26%        N/A       45%         6
 Dimensional Bullseye     Hex/Tloc       14%        N/A       83%         4
 Iskenderun's Mystic Bla  Conj/Tloc      29%        2d7       83%         4
 Freeze                   Ice            12%        1d3       100%        1
 Kiss of Death            Conj/Necr      12%        2d6       100%        1
 Magic Dart               Conj           12%        1d3       100%        1
 Necrotise                Necr           12%        1d4       100%        1
 Slow                     Hex            12%        N/A       100%        1
 Sting                    Conj/Alch      12%        1d3       100%        1
 Cigotuvi's Dreadful Rot  Necr/Alch/Air  6%         N/A       100%        2
 Ensorcelled Hibernation  Hex/Ice        6%         N/A       100%        2
 Mercury Vapours          Alch/Air       6%         N/A       100%        2
 Static Discharge         Conj/Air       6%         3-4/arc   100%        2
 Sublimation of Blood     Necr           3%         N/A       100%        2
 Confusing Touch          Hex            3%         N/A       100%        3
 Dazzling Flash           Conj/Hex       6%         N/A       100%        3
 Frozen Ramparts          Ice            6%         1d1       100%        3
 Fugue of the Fallen      Necr           3%         N/A       100%        3
 Hailstorm                Conj/Ice       3%         3d5       100%        3
 Mephitic Cloud           Conj/Alch/Air  3%         N/A       100%        3
 Ozocubu's Armour         Ice            3%         N/A       100%        3
 Passwall                 Erth           3%         N/A       100%        3
 Sigil of Binding         Hex            3%         N/A       100%        3
 Stone Arrow              Conj/Erth      6%         3d7       100%        3
 Swiftness                Air            3%         N/A       100%        3
 Vampiric Draining        Necr           3%         2d6       100%        3
 Anguish                  Hex/Necr       1%         N/A       100%        4
 Brom's Barrelling Bould  Conj/Erth      3%         2d3       100%        4
 Dispel Undead            Necr           3%         3d7       100%        4
 Flame Wave               Conj/Fire      3%         2d5       100%        4
 Leda's Liquefaction      Alch/Erth      1%         N/A       100%        4
 Olgreb's Toxic Radiance  Alch           3%         N/A       100%        4
 Petrify                  Alch/Erth      3%         N/A       100%        4
 Alistair's Intoxication  Alch           2%         N/A       100%        5
 Borgnjor's Vile Clutch   Necr/Erth      1%         N/A       100%        5
 Curse of Agony           Necr           3%         N/A       100%        5
 Fireball                 Conj/Fire      1%         3d3       100%        5
 Freezing Cloud           Conj/Ice/Air   1%         6-21      100%        5
 Irradiate                Conj/Alch      1%         3d12      100%        5
 Iskenderun's Battlesphe  Conj           3%         2d6       100%        5
 Silence                  Hex/Air        1%         N/A       100%        5
 Bombard                  Conj/Erth      1%         9d1       100%        6
 Conjure Ball Lightning   Conj/Air       1%         3x3d6     100%        6
 Orb of Destruction       Conj           1%         9d5       100%        7
 Borgnjor's Revivificati  Necr           1%         N/A       100%        8
 Lehudib's Crystal Spear  Conj/Erth      1%         10d2      100%        8
 Chain Lightning          Conj/Air       1%         3d2       100%        9
 Death's Door             Necr           1%         N/A       100%        9
 Fire Storm               Conj/Fire      1%         8d1       100%        9
 Polar Vortex             Ice            1%         N/A       100%        9
 Shatter                  Erth           1%         3d6*      100%        9
 Summon Small Mammal      Summ           Unusable   N/A       N/A         1
 Call Imp                 Summ           Unusable   N/A       N/A         2
 Summon Ice Beast         Ice/Summ       Unusable   N/A       N/A         3
 Tukima's Dance           Hex            Unusable   N/A       N/A         3
 Animate Armour           Summ/Erth      Unusable   N/A       N/A         4
 Martyr's Knell           Necr/Summ      Unusable   N/A       N/A         4
 Summon Lightning Spire   Summ/Air       Unusable   N/A       N/A         4
 Summon Mana Viper        Hex/Summ       Unusable   N/A       N/A         5
 Death Channel            Necr           Unusable   N/A       N/A         6
 Haunt                    Necr/Summ      Unusable   N/A       N/A         7

Inventory:

Hand Weapons
 a - a +7 demon blade of electrocution (weapon) {norare}
 b - a +9 demon blade of chaos (offhand) {José}
Missiles
 G - 8 throwing nets
Armour
 c - +0 gold dragon scales
 w - the +1 helmet of Agoariont (worn) {rN+ Dex+5}
   (You acquired it on level 8 of the Dungeon)

   Dex+5:     It affects your dexterity (+5).
   rN+:       It protects you from negative energy.
 F - a +2 pair of gloves (worn)
 K - the +2 pair of boots of the Tormentor (worn) {rN+ Int+3}
   (You found it on level 4 of the Dungeon)

   Int+3:     It affects your intelligence (+3).
   rN+:       It protects you from negative energy.
 L - a +2 cloak of willpower (worn)
 Y - +4 gold dragon scales (worn) {nodragon}
Jewellery
 O - the ring "Ditun" (left grasper) {Str+3 Dex+6}
   (You took it off a deep elf archer on level 3 of the Elven Halls)

   [ring of dexterity]

   Str+3:     It affects your strength (+3).
   Dex+6:     It affects your dexterity (+6).
 W - the ring of Ciuzuiv (right grasper) {Fly rN+ Dex+7}
   (You took it off a guardian mummy on level 3 of the Crypt)

   [ring of positive energy]

   Dex+7:     It affects your dexterity (+7).
   rN+:       It protects you from negative energy.
   Fly:       It grants you flight.
 Z - the amulet of Vitality (around neck) {RegenMP++ Regen++}
   (You found it in a treasure trove)

   [amulet of magic regeneration]

   RegenMP:   It increases your rate of magic regeneration.
   Regen++:   It increases your rate of health regeneration.
Scrolls
 f - 3 scrolls of blinking
 k - 16 scrolls of fear
 l - 9 scrolls of fog
 P - 2 scrolls of silence {!r}
 R - 17 scrolls of teleportation
Potions
 g - 22 potions of heal wounds
 j - 5 potions of magic
 m - 8 potions of invisibility
 o - 5 potions of attraction
 s - 7 potions of resistance
 u - 10 potions of ambrosia
 v - 32 potions of curing
 z - 11 potions of mutation {!q}
 C - 6 potions of berserk rage {!q}
 H - 8 potions of haste
 Q - 18 potions of might
 S - 5 potions of enlightenment
 T - 11 potions of brilliance
 V - 9 potions of cancellation


Message History

You fly upwards.
There is a stone staircase leading down here.
There is an open door here.
A tormentor comes into view.
The tormentor roars!
You feel yourself speed up.
You feel very mighty all of a sudden.
A soul eater comes into view.
The tormentor hits you but does no damage. x2
You slice the tormentor with your +9 demon blade of chaos!!
Lightning courses through the tormentor!
You kill the tormentor!
You redirect the soul eater's attack!
The soul eater barely misses itself.
You catch the helpless soul eater completely off-guard!
You slice the soul eater with your +9 demon blade of chaos!!
The soul eater seems to grow stronger.
The soul eater is moderately wounded.
You slice the soul eater with your +7 demon blade of electrocution!!
You hit the soul eater with your +7 demon blade of electrocution.
Lightning courses through the soul eater!
The soul eater is almost dead.
You barely miss the soul eater with your +9 demon blade of chaos.
You completely miss the soul eater with your +9 demon blade of chaos.
The soul eater is almost dead.
You barely miss the soul eater with your +7 demon blade of electrocution.
The soul eater is stunned by your conviction and fails to attack.
You slice the soul eater with your +7 demon blade of electrocution!!
You kill the soul eater!
You see here a +0 robe.
There is an escape hatch in the ceiling here.
A mysterious force pulls you upwards. The hatch slams shut behind you.
You see here a bat skeleton.
You see here a bat skeleton.
There is an open door here.
A sixfirhy comes into view.
The sixfirhy moves out of view.
There is an open door here.
There is a staircase leading out of the dungeon here.
You have escaped!

#.# ##...................# #.#
#####..#######...##.# #.# #.....#
##.###.# #.# #.###.# #.#
#.####### #.# #.# #.# #.#
#........ #.## #.# #.#
#.########### ##..#######.# #.#
#............
.)..........####################.
###.##########..@..# #. #.#
#.....# #. #.# #.....# #.
###.############'############ #.
#...#~~~~~~~~~~~.~~~~~~~~~~~# #.
#.#.#~.7PPP7P..~.~P7PP7P.7P~# #.
#.#.#~.77PP77P7~.~7PPP..P7P~# #.
..#.#~~~~~~~~~~~.~~~~~~~~~~~# #.
....#~~~~~~~~~.....~~~~~~~~~####.


There were no monsters in sight!

Vanquished Creatures
  A dread lich (Depths:1)
  Frederick (Vaults:2)
  Mennas (Vaults:3)
  4 ancient liches
  2 orbs of fire (Zot:5)
  Xtahua (Vaults:3)
  A royal mummy (Crypt:3)
  Sojobo (Vaults:3)
  2 Killer Klowns (Zot:5)
  2 curse toes (Zot:3)
  3 caustic shrikes (Depths:4)
  Margery (Vaults:3)
  8 golden dragons
  Jory (Depths:3)
  Norris (Vaults:1)
  2 electric golems (Zot:5)
  The ghost of Gumuy the Crack Shot, an adept MiHu of Nemelex Xobeh (Depths:1)
  The ghost of jasper the Warrior, an adept DsCA of Lugonu (Shoals:4)
  13 tentacled monstrosities
  3 hellephants
  3 liches
  6 titans
  Asterion (Vaults:2)
  22 Orb Guardians
  2 deep elf blademasters (Elf:3)
  2 deep elf master archers (Elf:3)
  A walking divine tome (Depths:3)
  2 death cobs
  4 quicksilver dragons
  Polyphemus (Shoals:3)
  Frances (Spider:1)
  12 sphinxes
  8 ancient champions
  3 krakens
  Aizul (Shoals:3)
  Donald (Elf:1)
  9 shadow dragons
  11 tengu reavers
  5 storm dragons
  Ilsuiw (Shoals:3)
  5 revenants
  9 fire giants
  6 protean progenitors
  2 draconian monks
  8 deep elf sorcerers
  2 imperial myrmidons (Desolation)
  3 iron dragons
  2 demonspawn warmongers (Zot:5)
  6 frost giants
  5 draconian scorchers
  A draconian shifter (Depths:4)
  2 deep elf elementalists (Elf:3)
  3 emperor scorpions
  A reaper (Zot:5)
  A curse skull (Crypt:2)
  Louise (Elf:1)
  15 ironbound preservers
  A caustic shrike zombie (Crypt:1)
  5 ghost moths
  13 vault wardens
  5 orc warlords
  2 draconian annihilators
  7 ghouls
  3 broodmothers
  7 ironbound thunderhulks
  10 very ugly things
  A juggernaut skeleton (Crypt:2)
  25 stone giants
  Nessos (D:13)
  13 vampire knights
  10 deep elf demonologists
  4 black draconians
  Azrael (Orc:2)
  5 green draconians
  3 war gargoyles
  A halazid warlock (Desolation)
  14 deep elf death magi
  4 spark wasps
  2 red draconians (Depths:4)
  4 white draconians
  5 purple draconians
  2 yellow draconians
  8 deep elf annihilators
  4 eidola
  2 blizzard demons
  6 mummy priests (Crypt:3)
  18 ettins
  4 crystal guardians
  6 jiangshi
  5 entropy weavers
  14 merfolk impalers
  Josephine (D:11)
  4 deep elf high priests
  19 fire dragons
  5 ragged hierophants (Desolation)
  9 merfolk javelineers
  9 servants of whispers (Desolation)
  2 spriggan zombies
  18 yaktaur captains
  Harold (D:11)
  A rakshasa (Depths:1)
  6 peacekeepers
  10 great orbs of eyes
  A hell beast (Depths:2)
  14 hydras
  A jorogumo (Spider:2)
  A merfolk avatar (Shoals:2)
  34 vault guards
  6 ice dragons
  2 spriggan air magi
  7 ironbound frosthearts
  5 ogre magi
  A spriggan skeleton (Crypt:2)
  2 catoblepae
  6 radroaches
  17 centaur warriors
  9 boulder beetles
  The ghost of Dittersdorf the Fighter, a journeyman GrFi of Gozag (D:10)
  A juggernaut simulacrum (Depths:1)
  31 dancing weapons
  12 two-headed ogres
  2 anacondas (shapeshifter) (Vaults:5)
  5 alligator snapping turtles
  4 death knights
  A death scarab (Spider:2)
  9 merfolk aquamancers
  A titan zombie (Crypt:2)
  A satyr (Shoals:4)
  6 deep troll shamans
  A tengu warrior (Depths:1)
  9 death yaks
  10 vampire magi
  9 deep troll earth magi
  2 shock serpents (Zot:5)
  An occultist (Depths:3)
  10 hell hogs
  6 orc high priests
  7 spriggan berserkers
  11 demonic crawlers
  An emperor scorpion zombie (Crypt:2)
  15 deep elf knights
  2 sun demons
  3 soul eaters
  20 hell knights
  3 shadow wraiths
  A sixfirhy (Depths:1)
  A golden dragon zombie (Depths:1)
  23 skeletal warriors
  2 pharaoh ants
  5 skysharks
  11 sea snakes
  7 orb spiders
  A shadow demon (Depths:2)
  7 iron trolls
  An iron giant zombie (Crypt:1)
  41 deep trolls
  A large abomination (Elf:1)
  3 bog bodies (Crypt:3)
  14 phantasmal warriors
  An anaconda zombie (Crypt:3)
  5 arcanists
  10 flayed ghosts
  3 glowing orange brains
  An obsidian statue (Zot:2)
  An orange crystal statue (Zot:2)
  A mana viper (shapeshifter) (Vaults:3)
  A wolf spider zombie (D:15)
  9 lindwurms
  3 sun moths
  13 deep elf archers
  10 necromancers
  A sun moth (shapeshifter) (Depths:2)
  Pikel (D:9)
  22 orc knights
  26 deep elf zephyrmancers
  A lightning spire (Zot:2)
  8 steelbarb worms
  31 deep elf pyromancers
  10 harpies
  22 ironbound convokers
  6 oklob plants (Zot:2)
  A fire giant zombie (Crypt:3)
  A shining eye (shapeshifter) (Vaults:5)
  18 wolf spiders
  A salamander (shapeshifter) (Vaults:5)
  7 cyclopes
  29 ugly things
  6 orc sorcerers (Orc:2)
  7 moths of wrath
  An eleionoma zombie (Crypt:3)
  28 manticores
  A faun (shapeshifter) (Vaults:5)
  2 fire giant skeletons (Vaults:3)
  10 fauns
  3 meliai (D:15)
  3 salamanders (Volcano)
  A frost giant skeleton (Vaults:3)
  9 elephants (Lair:5)
  A spectral centaur (D:10)
  A dire elephant zombie (Crypt:1)
  5 water nymphs
  5 black mambas
  A kobold blastminer (Orc:2)
  5 merfolk sirens
  A smoke demon (D:10)
  2 guardian serpents (Desolation)
  2 rust devils
  2 eyes of devastation (shapeshifter)
  2 human skeletons
  A water nymph (shapeshifter) (Vaults:5)
  3 ice statues (IceCv)
  15 vault sentinels
  Joseph (D:8)
  3 molten gargoyles (Lair:5)
  4 torpor snails
  2 centaur skeletons
  12 cane toads
  2 unseen horrors
  4 rime drakes
  A hellion (Depths:2)
  8 freezing wraiths
  An alligator snapping turtle skeleton (Crypt:1)
  26 yaktaurs
  10 komodo dragons
  A mana viper skeleton (Crypt:2)
  2 kobold demonologists
  A minotaur zombie (Crypt:2)
  2 tengu conjurers
  An efreet (D:14)
  A swamp worm zombie (Crypt:3)
  34 guardian mummies (Crypt:3)
  A tormentor (D:2)
  3 yaktaur skeletons (Vaults:3)
  A purple draconian skeleton (Crypt:1)
  7 trolls
  A queen bee (Orc:1)
  39 merfolk
  A red draconian skeleton (Crypt:1)
  A wind drake (Shoals:4)
  A hornet (D:8)
  A merfolk (shapeshifter) (Vaults:5)
  36 tarantellas
  7 glass eyes
  29 dream sheep
  Grinder (D:4)
  2 raiju (D:11)
  46 saltlings (Desolation)
  A boulder beetle zombie (Crypt:3)
  7 snapping turtles
  13 blink frogs
  A culicivora zombie (Crypt:2)
  A fire giant simulacrum (Depths:1)
  A jumping spider (shapeshifter) (Elf:2)
  3 air elementals
  A dire elephant simulacrum (IceCv)
  Sigmund (D:4)
  2 shadows
  A yak (shapeshifter) (Elf:3)
  A centaur simulacrum (D:10)
  35 jumping spiders
  55 slime creatures
  15 water elementals
  14 wyverns
  An ettin skeleton (Vaults:3)
  3 fire elementals
  18 culicivoras
  3 vampires
  47 yaks
  13 wraiths
  A slime creature zombie (Crypt:3)
  8 fire bats (Volcano)
  9 basilisks
  7 ushabtiu (Crypt:3)
  7 wargs
  A redback (shapeshifter) (Vaults:3)
  A warg (shapeshifter) (D:15)
  58 redbacks
  An elf skeleton (Vaults:3)
  The ghost of elongatedgoose the Apothecary, an amateur CoAl (D:4)
  5 steam dragons
  A swamp worm (shapeshifter) (Vaults:5)
  A demonspawn zombie (Crypt:3)
  Edmund (D:4)
  A death yak simulacrum (IceCv)
  2 harpy simulacra (IceCv)
  A skyshark zombie (Crypt:3)
  A water moccasin (shapeshifter) (Vaults:2)
  14 water moccasins
  14 hell hounds
  A hornet zombie (D:8)
  A swamp drake (D:10)
  2 glowing shapeshifter skeletons (Depths:1)
  2 sky beasts (D:8)
  45 orc warriors
  2 black bears (D:4)
  20 laughing skulls
  3 boggarts (D:15)
  A tengu (shapeshifter) (D:15)
  14 centaurs
  14 wolves
  19 ogres
  2 phantoms
  5 kobold brigands
  A lemure (Depths:2)
  2 vine stalker zombies
  9 weeping skulls (Crypt:3)
  A gnoll sergeant (D:10)
  A wyvern zombie (D:8)
  9 bullfrogs
  3 scorpions
  An earth elemental (Elf:1)
  2 cane toad simulacra (IceCv)
  7 wights (D:8)
  32 killer bees
  10 electric eels
  5 howler monkeys
  A polar bear skeleton (Crypt:3)
  5 lava snakes (Lair:5)
  3 centaur zombies
  3 hounds
  6 jellies
  A gnoll bouda (D:3)
  A black bear skeleton (Crypt:1)
  31 orc priests
  A boggart zombie (D:10)
  2 iguanas
  42 orc wizards
  6 hell rats (Lair:4)
  2 killer bee zombies (D:8)
  3 wolf simulacra (IceCv)
  8 mummies (Crypt:3)
  A howler monkey zombie (Crypt:2)
  13 gnolls
  15 adders
  2 shadow imps
  3 white imps (D:6)
  4 ufetubi (D:6)
  3 dart slugs
  4 ribbon worms
  121 orcs
  16 ball pythons
  15 endoplasms
  A giant cockroach (D:1)
  A gnoll zombie (Crypt:2)
  9 goblins
  11 hobgoblins
  A jackal (D:2)
  4 quokkas
  11 bats
  A frilled lizard (D:1)
  A frilled lizard zombie (Crypt:1)
  29 kobolds
  An orc skeleton (Crypt:1)
  3 rats
  5 aspiring fleshes
  A butterfly (Depths:1)
  9 tentacles
2565 creatures vanquished.

Vanquished Creatures (others)
  A caustic shrike (Depths:4)
  An Orb Guardian (Zot:5)
  A titan (Vaults:5)
  A shadow dragon (Vaults:5)
  A protean progenitor (Zot:2)
  A draconian scorcher (Zot:2)
  A stone giant (Vaults:5)
  A deep elf annihilator (Elf:3)
  An ettin (Depths:1)
  3 vault guards (Vaults:5)
  A hydra (Depths:2)
  A deep elf knight (Elf:3)
  A deep elf archer (Elf:3)
  2 orc knights
  A deep elf pyromancer (Elf:1)
  A cane toad (Lair:1)
  A yaktaur (Vaults:3)
  A merfolk (Shoals:4)
  A saltling (Desolation)
  A fire bat (Volcano)
  2 redbacks
  A vampire mosquito (D:15)
  An orc warrior (Orc:2)
  An ogre (Vaults:5)
  A wolf (Lair:2)
  A centaur (D:15)
  An orc wizard (Orc:1)
  2 orcs
  17 tentacles
50 creatures vanquished.

Grand Total: 2615 creatures vanquished

Notes
Turn   | Place    | Note
-------+----------+-------------------------------------------
     0 | D:1      | elliptic the Coglin Brigand began the quest for the Orb.
     0 | D:1      | Reached XP level 1. HP: 16/16 MP: 1/1
   230 | D:1      | Reached XP level 2. HP: 19/23 MP: 2/2
   385 | D:1      | Reached skill level 3 in Fighting
   396 | D:1      | Reached skill level 1 in Dodging
   807 | D:2      | Reached XP level 3. HP: 29/29 MP: 3/3
  1045 | D:2      | Reached skill level 4 in Fighting
  1045 | D:2      | Reached XP level 4. HP: 34/37 MP: 4/4
  2170 | D:3      | Reached XP level 5. HP: 43/43 MP: 5/5
  2347 | D:3      | hm
  2441 | D:3      | Reached skill level 5 in Fighting
  2967 | D:3      | Reached skill level 3 in Dodging
  3080 | D:4      | Reached XP level 6. HP: 51/51 MP: 6/6
  3571 | D:4      | Noticed a black bear
  3579 | D:4      | Killed a black bear
  3580 | D:4      | Reached skill level 6 in Fighting
  3607 | D:4      | Identified the +2 pair of boots of the Tormentor {rN+
                  | Int+3}
  3627 | D:4      | Reached XP level 7. HP: 54/59 MP: 7/7
  3643 | D:4      | Found a glowing silver altar of Zin.
  3764 | D:4      | Found a runed translucent gate.
  3765 | D:4      | Found a runed translucent gate.
  3765 | D:4      | Identified the +10 hand axe of the Twisting Coward {freeze,
                  | rElec rF+ rC+}
  3765 | D:4      | Noticed elongatedgoose's ghost (amateur CoAl)
  3766 | D:4      | Found a runed translucent gate.
  3771 | D:4      | Found a roughly hewn altar of Beogh.
  3904 | D:4      | Noticed Sigmund
  3916 | D:4      | Noticed Edmund
  3917 | D:4      | oh right
  4002 | D:4      | Killed Edmund
  4003 | D:4      | Reached skill level 7 in Fighting
  4469 | D:4      | eh
  4469 | D:4      | would like to clear this but
  4503 | D:5      | Entered Level 5 of the Dungeon
  4523 | D:5      | Noticed Grinder
  4558 | D:4      | Paralysed by Grinder for 4 turns
  4567 | D:4      | Killed Grinder
  4568 | D:4      | Reached skill level 8 in Fighting
  4568 | D:4      | Reached XP level 8. HP: 63/68 MP: 8/8
  4641 | D:5      | Found Nyixenas's Magic Scroll Emporium.
  4650 | D:5      | Bought a scroll of teleportation for 36 gold pieces
  4650 | D:5      | Bought a scroll of teleportation for 36 gold pieces
  4650 | D:5      | Bought a scroll of enchant armour for 90 gold pieces
  5278 | D:7      | Reached skill level 9 in Fighting
  5396 | D:7      | Found a staircase to the Ecumenical Temple.
  5404 | Temple   | Entered the Ecumenical Temple
  5426 | Temple   | Became a worshipper of Ru the Awakened
  5450 | D:7      | Reached skill level 3 in Axes
  5574 | D:6      | Reached XP level 9. HP: 76/76 MP: 9/9
  6200 | D:7      | Found a blossoming altar of Fedhas.
  6460 | D:7      | Reached skill level 6 in Axes
  6630 | D:7      | Gained mutation: You cannot study or use magical devices.
                  | [Ru sacrifice]
  6630 | D:7      | Reached * piety under Ru
  6630 | D:7      | Reached ** piety under Ru
  6749 | D:8      | Found a radiant altar of Vehumet.
  6953 | D:8      | Reached skill level 6 in Dodging
  6971 | D:8      | Found a flagged portal.
  6994 | Bailey   | Entered a bailey
  6999 | Bailey   | Noticed an orc warlord
  7001 | Bailey   | hm
  7179 | Bailey   | Noticed an orc knight
  7186 | Bailey   | hm
  7189 | Bailey   | sigh
  7201 | Bailey   | Killed an orc knight
  7202 | Bailey   | Reached XP level 10. HP: 42/83 MP: 6/10
  7372 | Bailey   | Found a runed translucent gate.
  7374 | Bailey   | Found a runed translucent gate.
  7429 | Bailey   | Found a runed translucent gate.
  7799 | D:8      | Acquired the +1 helmet of Agoariont {rN+ Dex+5}
  7953 | D:8      | Reached skill level 3 in Long Blades
  8217 | D:8      | Noticed Joseph
  8233 | D:8      | Killed Joseph
  8940 | D:9      | Reached skill level 6 in Long Blades
  9116 | D:9      | Gained mutation: You are slightly weak-willed. (Will-) [Ru
                  | sacrifice]
  9116 | D:9      | Reached *** piety under Ru
  9116 | D:9      | Reached **** piety under Ru
  9121 | D:9      | Found an opulent altar of Gozag.
  9122 | D:9      | Found a white marble altar of Elyvilon.
  9123 | D:9      | Found a burning altar of Makhleb.
  9123 | D:9      | Found an iron altar of Okawaru.
  9134 | D:9      | Gained mutation: You are weak. (Str -2) [potion of
                  | mutation]
  9134 | D:9      | Gained mutation: You passively map a small area around you.
                  | [potion of mutation]
  9278 | D:9      | Noticed Pikel
  9290 | D:9      | Killed Pikel
  9393 | D:10     | Entered Level 10 of the Dungeon
  9876 | D:10     | Found a runed translucent gate.
  9876 | D:10     | Found a runed translucent gate.
  9876 | D:10     | Found a runed translucent gate.
  9988 | D:10     | Found a sparkling altar of Nemelex Xobeh.
 10052 | D:10     | Reached XP level 11. HP: 87/89 MP: 9/11
 10219 | D:10     | Reached skill level 9 in Long Blades
 10320 | D:10     | Found a staircase to the Lair.
 10351 | D:10     | Identified the +4 war axe "Icky" {elec, rF+ Will+ rCorr
                  | Dex+3}
 10470 | D:10     | Found a shimmering blue altar of Sif Muna.
 10510 | D:10     | Found a staircase to the Orcish Mines.
 10579 | D:10     | Noticed Dittersdorf's ghost (journeyman GrFi)
 10870 | D:11     | Identified the +4 great mace of Loihuij {freeze, Will-
                  | Dex+4}
 11019 | D:11     | Found a portal to a secret trove of treasure.
 11052 | D:11     | Gained mutation: You are hated by all. [Ru sacrifice]
 11116 | D:11     | Noticed a boulder beetle
 11127 | D:11     | Killed a boulder beetle
 11324 | D:11     | Noticed a manticore
 11341 | D:11     | Killed a manticore
 11419 | D:11     | Noticed a manticore
 11434 | D:11     | Killed a manticore
 11646 | D:11     | Noticed Harold
 11657 | D:11     | Killed Harold
 11658 | D:11     | Reached skill level 12 in Long Blades
 11742 | D:12     | Noticed a boulder beetle
 11786 | D:12     | Killed a boulder beetle
 11796 | D:12     | Noticed Josephine
 11797 | D:12     | eh
 11978 | D:4      | oh right
 11991 | D:4      | Killed elongatedgoose's ghost
 12080 | D:4      | Killed Sigmund
 12321 | Lair:1   | Entered Level 1 of the Lair of Beasts
 12407 | Lair:1   | Reached XP level 12. HP: 95/95 MP: 12/12
 13292 | Lair:2   | Lost mutation: You passively map a small area around you.
                  | [potion of mutation]
 13292 | Lair:2   | Lost mutation: You are weak. (Str -2) [potion of mutation]
 13292 | Lair:2   | Gained mutation: You expend magic power (3 MP) to
                  | strengthen your wands. [potion of mutation]
 13292 | Lair:2   | Gained mutation: You possess an exceptional clarity of
                  | mind. [potion of mutation]
 13474 | Lair:2   | Reached skill level 1 in Spellcasting
 13486 | Lair:2   | Found a staircase to the Shoals.
 13621 | Lair:2   | sad
 13624 | Lair:2   | Upgraded the game from 0.32-a0-433-g08bcfe7efd to
                  | 0.32-a0-450-g080537f31e
 13756 | Lair:2   | Found a hole to the Spider Nest.
 14113 | Lair:3   | oh right I stopped because double prot
 14298 | Lair:3   | Reached skill level 10 in Fighting
 14325 | Lair:3   | Reached skill level 9 in Dodging
 14450 | Lair:3   | Reached XP level 13. HP: 104/104 MP: 16/16
 14759 | Lair:4   | Reached skill level 11 in Fighting
 14861 | Lair:4   | Reached skill level 1 in Armour
 14997 | Lair:4   | Reached skill level 3 in Armour
 15233 | Lair:4   | Gained mutation: You cannot be stealthy. [Ru sacrifice]
 15233 | Lair:4   | Reached ***** piety under Ru
 15531 | Lair:5   | Entered Level 5 of the Lair of Beasts
 15581 | Lair:5   | why
 15654 | Lair:5   | Found a frozen archway.
 15675 | IceCv    | Entered an ice cave
 16087 | Lair:4   | Reached skill level 12 in Fighting
 16228 | Lair:5   | Reached XP level 14. HP: 107/109 MP: 17/17
 16250 | Lair:5   | Found a sacrificial altar of Ru.
 16345 | Lair:5   | Found a staircase to the Slime Pits.
 16945 | Lair:5   | Reached skill level 13 in Fighting
 16957 | Lair:5   | Found a large runed translucent door.
 16958 | Lair:5   | Found a large runed translucent door.
 17221 | Lair:5   | Gained mutation: Your magical capacity is low. (-10% MP)
                  | [Ru sacrifice]
 17253 | Lair:5   | Reached skill level 6 in Armour
 17742 | D:10     | Killed Dittersdorf's ghost
 17855 | D:11     | Killed Josephine
 17856 | D:11     | Reached skill level 12 in Dodging
 18785 | Orc:1    | Entered Level 1 of the Orcish Mines
 18785 | Orc:1    | Found a bloodstained altar of Trog.
 18855 | Orc:1    | Found a dark tunnel.
 18884 | Volcano  | Entered a volcano
 19067 | Volcano  | Reached skill level 14 in Fighting
 19209 | Volcano  | Reached XP level 15. HP: 126/126 MP: 16/16
 19320 | Volcano  | Reached XP level 16. HP: 134/134 MP: 14/17
 19593 | Orc:2    | Entered Level 2 of the Orcish Mines
 19595 | Orc:2    | Found Qiptop's Weapon Boutique.
 19619 | Orc:2    | Reached skill level 15 in Fighting
 19878 | Orc:2    | Gained mutation: You cannot voluntarily change form. [Ru
                  | sacrifice]
 20191 | Orc:2    | Found a staircase to the Elven Halls.
 20196 | Orc:2    | Noticed Azrael
 20210 | Orc:2    | Killed Azrael
 20995 | Orc:2    | Found Gaorph's General Store.
 20996 | Orc:2    | Found Juis's Jewellery Shop.
 20998 | Orc:2    | Found Metaok's Antique Armour Boutique.
 20998 | Orc:2    | Found Gasedac's Antique Weapon Boutique.
 21146 | Orc:2    | Bought an amulet of regeneration for 450 gold pieces
 21167 | Orc:2    | Bought a slimy scale mail for 189 gold pieces
 21167 | Orc:2    | Identified the +5 scale mail of the Dolphin {Will+ Int+3}
                  | (You bought it in a shop on level 2 of the Orcish Mines)
 21186 | Orc:2    | Bought a +6 ring of dexterity for 540 gold pieces
 21413 | D:13     | Gained mutation: Your magical capacity is very low. (-20%
                  | MP) [Ru sacrifice]
 21413 | D:13     | Reached ****** piety under Ru
 21475 | D:13     | Noticed Nessos
 21482 | D:13     | Killed Nessos
 21825 | D:14     | what is this vault
 21834 | D:14     | Reached skill level 16 in Fighting
 21849 | D:14     | Found a gate to the Vaults.
 21851 | D:14     | oh
 22622 | D:15     | Entered Level 15 of the Dungeon
 22623 | D:15     | okay
 22632 | D:15     | .....
 22632 | D:15     | hm sort of bad
 22632 | D:15     | hm
 22691 | D:15     | Found a staircase to the Depths.
 22809 | D:15     | Reached skill level 9 in Armour
 22921 | D:15     | Reached XP level 17. HP: 133/144 MP: 16/16
 23089 | D:15     | Reached skill level 15 in Dodging
 23115 | D:15     | Identified the +1 robe of the Orb Guardian {^Drain rF+
                  | rCorr Slay+3}
 23131 | D:15     | annoying
 23363 | D:15     | Identified the ring of Egeakh {rElec rPois rF- rC+ Stlth+}
 23376 | D:15     | Found an iron altar of Okawaru.
 23427 | D:15     | Found a transporter.
 23449 | D:15     | Reached skill level 17 in Fighting
 23465 | D:15     | Identified the ring of Mistrust {rC+ Int+3 Dex-3 Stlth+}
 23511 | D:15     | Found a white marble altar of Elyvilon.
 23528 | D:15     | Found a transporter.
 23600 | D:15     | Identified the ring of the Soft God {rF+ Slay+3}
 23631 | D:15     | Found an iron altar of Okawaru.
 24262 | Spider:1 | Entered Level 1 of the Spider Nest
 24626 | Spider:1 | Noticed Frances
 24636 | Spider:1 | Killed Frances
 24825 | Spider:1 | Reached skill level 18 in Fighting
 24962 | Spider:2 | Reached XP level 18. HP: 136/143 MP: 8/17
 25335 | Spider:2 | Identified the +5 trident of the Spider {freeze, rC+ rN+
                  | Int+9 Dex-4}
 25338 | Spider:2 | Identified the +3 long sword "Raenohe" {speed, rPois Int+2}
 25340 | Spider:2 | hm
 26112 | D:11     | You paid a toll of 2 scrolls of acquirement to enter a
                  | treasure trove
 26113 | Trove    | Entered a treasure trove
 26117 | Trove    | Found the amulet of Vitality {RegenMP++ Regen++}
 26123 | Trove    | Identified the ring of Nebiraop {*Slow rElec Will- rCorr
                  | Str+7}
 26154 | Trove    | Identified the ring of Contention {rElec rN++ Int+6 Dex-4
                  | SInv}
 26157 | Trove    | Identified the ring of Cheibriados's Envy {rPois rF- rN+
                  | MP+9 Dex+2}
 26159 | Trove    | Identified the ring of a Million Deaths {AC+4 Str+2}
 26173 | Trove    | Identified the ring of Nesee {rN+ Int+6 Dex+4 SInv Stlth+}
 26505 | Spider:4 | Entered Level 4 of the Spider Nest
 26749 | Spider:4 | Reached skill level 19 in Fighting
 27413 | Spider:4 | Got a gossamer rune of Zot
 27661 | Shoals:1 | Entered Level 1 of the Shoals
 27736 | Shoals:1 | Identified the +4 scimitar "Dragonslayer" {drain, Str+3
                  | Int-2 Dex+4}
 27740 | Shoals:1 | Found a flickering gateway to a bazaar.
 27745 | Bazaar   | Entered a bazaar
 27747 | Bazaar   | Found Cehasoa's Antique Weapon Boutique.
 27751 | Bazaar   | Found Veone's Distillery.
 27751 | Bazaar   | Found Cebesch's Jewellery Boutique.
 27752 | Bazaar   | Found Eshia's Distillery.
 27776 | Bazaar   | Bought a potion of heal wounds for 60 gold pieces
 27776 | Bazaar   | Bought a potion of heal wounds for 60 gold pieces
 27776 | Bazaar   | Bought a potion of might for 48 gold pieces
 27776 | Bazaar   | Bought a potion of enlightenment for 60 gold pieces
 27776 | Bazaar   | Bought a potion of curing for 36 gold pieces
 27776 | Bazaar   | Bought a potion of invisibility for 96 gold pieces
 27776 | Bazaar   | Bought a potion of curing for 36 gold pieces
 27776 | Bazaar   | Bought a potion of curing for 36 gold pieces
 27818 | Shoals:1 | Found Moanev's Jewellery Boutique.
 27845 | Shoals:1 | Found Zucehab's Weapon Shoppe.
 28087 | Shoals:1 | Found Getong's Armour Shop.
 28411 | Shoals:2 | Reached XP level 19. HP: 167/167 MP: 16/18
 28661 | Shoals:2 | Found Readomuo's Book Shop.
 28727 | Shoals:2 | hm okay
 28727 | Shoals:2 | Bought a book of Battle for 390 gold pieces
 28730 | Shoals:2 | Learned a level 2 spell: Blink
 28732 | Shoals:2 | Learned a level 1 spell: Apportation
 28737 | Shoals:2 | Learned a level 4 spell: Manifold Assault
 29093 | Shoals:3 | Reached skill level 1 in Translocations
 29165 | Shoals:3 | Noticed Polyphemus
 29179 | Shoals:3 | Reached skill level 3 in Translocations
 29190 | Shoals:3 | Killed Polyphemus
 29226 | Shoals:3 | Noticed Ilsuiw
 29270 | Shoals:3 | Killed Ilsuiw
 29286 | Shoals:3 | Identified the +0 helmet "Zimaukis" {rN+ Int-4 Dex+4}
 29423 | Shoals:3 | Identified the serpent talisman of Tartarus {rElec Slay+5
                  | Stlth-}
 29423 | Shoals:3 | Noticed Aizul
 29433 | Shoals:3 | Killed Aizul
 29435 | Shoals:3 | Reached skill level 6 in Translocations
 29476 | Shoals:3 | Found Xazomuorgh's Weapon Boutique.
 29688 | Shoals:4 | Entered Level 4 of the Shoals
 29927 | Shoals:4 | Got a barnacled rune of Zot
 29997 | Shoals:4 | Got an azure gem with 0 turns to spare
 30087 | Shoals:4 | Reached skill level 9 in Translocations
 30222 | Shoals:4 | Found a transporter.
 30224 | Shoals:4 | Found a transporter.
 30225 | Shoals:4 | Noticed jasper's ghost (adept DsCA)
 30803 | Shoals:4 | Reached skill level 3 in Spellcasting
 30831 | Shoals:4 | Killed jasper's ghost
 30839 | Shoals:4 | Reached XP level 20. HP: 139/152 MP: 0/19
 30859 | Shoals:4 | Identified the ring "Fonosaep" {rElec rPois Will- Str+7}
 30864 | Shoals:4 | Identified the +3 flail of Xom's Regard {spect, rC- Will+
                  | Str+5}
 30883 | Shoals:4 | Learned a level 2 spell: Lesser Beckoning
 31111 | Elf:1    | Entered Level 1 of the Elven Halls
 31112 | Elf:1    | Found Paschaum's Armour Emporium.
 31156 | Elf:1    | Found a crumbling gateway.
 31165 | Desolati | Entered the Desolation of Salt
 31186 | Desolati | sigh
 31285 | Desolati | Reached skill level 12 in Translocations
 31663 | Desolati | Identified the ring of Budiablo {rPois Slay+2 Stlth+}
 31711 | Desolati | Got the Almanac of Kinetic Energy
 31713 | Desolati | Got the Discourse on Assaults
 31715 | Desolati | Got the Atlas of Algor
 31747 | Desolati | Reached skill level 18 in Dodging
 31773 | Desolati | interesting
 31777 | Desolati | Identified the +1 rapier "Isoighui" {speed, ^Contam rCorr
                  | Int+3}
 31780 | Desolati | Identified the ring of the Oni {Wiz +Blink Will- Str+3}
 31783 | Desolati | Identified the +6 quarterstaff "Lirphiowo" {flame, rN+++
                  | Will- Int-5 Dex+8}
 31845 | Desolati | Got the Precepts of the Changed Fairies
 32368 | Elf:1    | Reached skill level 20 in Fighting
 32505 | Elf:1    | Noticed Louise
 32517 | Elf:1    | Killed Louise
 32532 | Elf:1    | Noticed Donald
 32554 | Elf:1    | Killed Donald
 32581 | Elf:1    | Got Reynimna's Quarto of Iniquitous Magic
 33187 | Elf:2    | Reached XP level 21. HP: 182/184 MP: 22/22
 33410 | Elf:2    | Found a runed translucent gate.
 33411 | Elf:2    | Found a runed translucent gate.
 33456 | Elf:2    | Found a runed translucent gate.
 33559 | Elf:2    | Found Bousm's Distillery.
 33897 | Elf:2    | Reached skill level 21 in Fighting
 34170 | Elf:3    | Entered Level 3 of the Elven Halls
 34983 | Vaults:1 | Entered Level 1 of the Vaults
 35052 | Vaults:1 | Noticed Norris
 35077 | Vaults:1 | Killed Norris
 36185 | Vaults:2 | Identified the orb of the Apothecary {*channel, *Slow rPois
                  | Dex+3 SInv}
 36185 | Vaults:2 | Noticed Frederick
 36197 | Vaults:2 | Killed Frederick
 36593 | Vaults:2 | Noticed Asterion
 36607 | Vaults:2 | Killed Asterion
 36639 | Vaults:2 | Reached skill level 22 in Fighting
 36812 | Vaults:2 | Reached XP level 22. HP: 180/196 MP: 23/23
 37360 | Vaults:3 | Got the Guide on Fog and Wicked Words
 37366 | Vaults:3 | Noticed Xtahua
 37371 | Vaults:3 | Killed Xtahua
 37527 | Vaults:3 | Noticed Sojobo
 37545 | Vaults:3 | Reached skill level 12 in Armour
 37554 | Vaults:3 | Killed Sojobo
 38003 | Vaults:3 | Noticed Margery
 38015 | Vaults:3 | Killed Margery
 38118 | Vaults:3 | Found a staircase to the Crypt.
 38205 | Vaults:3 | Noticed Mennas
 38215 | Vaults:3 | Killed Mennas
 38335 | Vaults:3 | Identified the staff of Regicide {rF+ Str+4 Fire}
 38338 | Vaults:3 | Identified the +1 whip "Earthworm" {freeze, rPois rF+ Str+2
                  | Dex-3}
 38361 | Vaults:3 | Identified the staff "Qiurr" {+Blink rElec rPois rC+ Necro
                  | Ice}
 38453 | Vaults:3 | Found Miso's Antique Armour Shop.
 38461 | Vaults:3 | Bought a heavily runed plate armour for 1120 gold pieces
 38461 | Vaults:3 | Identified the +7 plate armour of Bazxud {+Inv Will+ Str+3}
                  | (You bought it in a shop on level 3 of the Vaults)
 38811 | Vaults:4 | Reached skill level 15 in Armour
 38981 | Vaults:4 | Reached XP level 23. HP: 204/204 MP: 24/24
 39211 | Vaults:4 | Lost mutation: You possess an exceptional clarity of mind.
                  | [potion of mutation]
 39211 | Vaults:4 | Lost mutation: You expend magic power (3 MP) to strengthen
                  | your wands. [potion of mutation]
 39211 | Vaults:4 | Gained mutation: You are agile. (Dex +4, Str/Int -1)
                  | [potion of mutation]
 39211 | Vaults:4 | Gained mutation: You are somewhat resistant to further
                  | mutation. [potion of mutation]
 39730 | Crypt:1  | Entered Level 1 of the Crypt
 39794 | Crypt:1  | Reached skill level 23 in Fighting
 40889 | Crypt:2  | Reached skill level 24 in Fighting
 41420 | Crypt:2  | Found an ancient bone altar of Kikubaaqudgha.
 41536 | Crypt:3  | Entered Level 3 of the Crypt
 41556 | Crypt:3  | Identified the +9 great sword of the Changing Asp {holy,
                  | rN+ Stlth+}
 41573 | Crypt:3  | Found a staircase to the Tomb.
 41949 | Crypt:3  | Reached skill level 25 in Fighting
 42238 | Crypt:3  | Identified the amulet of Zarr {Regen+ Dex+4}
 42251 | Crypt:3  | Reached XP level 24. HP: 183/204 MP: 24/24
 42358 | Crypt:3  | Found an ancient bone altar of Kikubaaqudgha.
 42398 | Crypt:3  | Identified the ring "Monamn" {rPois rN+ Will+ MP-9 SInv}
 42411 | Crypt:3  | Noticed a royal mummy
 42420 | Crypt:3  | Killed a royal mummy
 42424 | Crypt:3  | Identified the ring of Ciuzuiv {Fly rN+ Dex+7}
 42519 | Crypt:3  | Identified the +9 plate armour of the Hanged Man {rElec
                  | Str+3}
 42528 | Crypt:3  | Got the Compilation of Malevolent Arts
 43592 | Elf:3    | Reached skill level 26 in Fighting
 43598 | Elf:3    | Identified the +9 long sword of Symmetry {protect, Will+
                  | Int+8 Dex-5}
 43642 | Elf:3    | Identified the ring "Nawiuxul" {rF- rCorr Int+6 Dex-4 SInv}
 43682 | Elf:3    | Identified the ring "Uniplitu" {Ice +Blink rN+ Will- Int+3}
 43697 | Elf:3    | Identified the +7 sling of the Telling Seer {speed, Int+2
                  | Dex+4}
 43697 | Elf:3    | Identified the ring "Ditun" {Str+3 Dex+6}
 43708 | Elf:3    | Identified the ring "Jiotuat" {Ice +Blink rElec rPois
                  | Int-4}
 43875 | Elf:3    | Identified the staff "Vugol Zusu" {Dex+3 Conj}
 43882 | Elf:3    | Got the Treatise on the Called Compass
 43892 | Elf:3    | Identified the +5 sling "Impbane" {heavy, rC+ Will+ Dex+3}
 44137 | D:15     | Upgraded the game from 0.32-a0-450-g080537f31e to
                  | 0.32-a0-468-g38b2580584
 44170 | Depths:1 | Entered Level 1 of the Depths
 44203 | Depths:1 | Found a gateway to Hell.
 44262 | Depths:1 | Reached skill level 21 in Dodging
 44404 | Depths:1 | Found a one-way gate leading to the halls of Pandemonium.
 44451 | Depths:1 | Found a transporter.
 44454 | Depths:1 | Found a white marble altar of Elyvilon.
 44454 | Depths:1 | Found a transporter.
 44473 | Depths:1 | Found a runed translucent door.
 44543 | Depths:1 | Found the +8 Wrath of Trog {antimagic, *Rage Rampage}
 44737 | Depths:1 | Found a runed translucent door.
 44738 | Depths:1 | Noticed a dread lich
 44741 | Depths:1 | Noticed Gumuy's ghost (adept MiHu)
 45023 | Depths:1 | Identified the ring of the Hurtling Gods {rC+ rN+}
 45068 | Depths:1 | Killed Gumuy's ghost
 45153 | Depths:1 | Killed a dread lich
 45393 | Depths:2 | what
 45410 | Depths:2 | Reached XP level 25. HP: 231/231 MP: 24/24
 45438 | Depths:2 | Found Istrurank's Distillery.
 45684 | Depths:2 | Found a one-way gate to the infinite horrors of the Abyss.
 46089 | Depths:2 | Identified the +6 whip of Doac {freeze, Str+3}
 46429 | Depths:3 | Reached skill level 24 in Dodging
 46786 | Depths:3 | Reached skill level 27 in Fighting
 46849 | Depths:3 | Identified the +5 chain mail of Dakla {rPois Str+3}
 46958 | Depths:3 | Noticed Jory
 46970 | Depths:3 | Killed Jory
 47208 | Depths:4 | Entered Level 4 of the Depths
 47726 | Orc:2    | Bought 2 scrolls of enchant weapon for 180 gold pieces
 48207 | Depths:4 | Found a gate to the Realm of Zot.
 48388 | Depths:4 | Found a one-way gateway to a ziggurat.
 48700 | Depths:4 | Reached XP level 26. HP: 224/242 MP: 24/24
 49168 | Vaults:5 | Entered Level 5 of the Vaults
 49251 | Vaults:5 | why
 49286 | Vaults:5 | Noticed an ancient lich
 49295 | Vaults:5 | Killed an ancient lich
 49314 | Vaults:5 | Reached skill level 18 in Armour
 49990 | Vaults:5 | Noticed an ancient lich
 49992 | Vaults:5 | Killed an ancient lich
 49996 | Vaults:5 | Got a silver rune of Zot
 50078 | Vaults:5 | Reached skill level 21 in Armour
 50097 | Vaults:5 | Reached XP level 27. HP: 236/249 MP: 24/24
 50373 | Vaults:5 | Got the Information on Incendiary Subspace
 50474 | Vaults:5 | Got Kynkaodwo's Compendium of Chilblains and the Xenolith
 51015 | D:5      | Bought a scroll of fog for 48 gold pieces
 51015 | D:5      | Bought a scroll of fog for 48 gold pieces
 51211 | Orc:2    | Bought a scroll of fear for 48 gold pieces
 51300 | Elf:2    | Bought a potion of ambrosia for 104 gold pieces
 51300 | Elf:2    | Bought a potion of magic for 104 gold pieces
 51300 | Elf:2    | Bought a potion of cancellation for 104 gold pieces
 51300 | Elf:2    | Bought a potion of haste for 130 gold pieces
 51300 | Elf:2    | Bought a potion of might for 52 gold pieces
 51300 | Elf:2    | Bought a potion of might for 52 gold pieces
 51300 | Elf:2    | Bought a potion of enlightenment for 65 gold pieces
 51300 | Elf:2    | Bought a potion of resistance for 130 gold pieces
 51300 | Elf:2    | Bought a potion of berserk rage for 65 gold pieces
 51300 | Elf:2    | Bought a potion of might for 52 gold pieces
 51550 | Depths:2 | Bought a potion of haste for 200 gold pieces
 51550 | Depths:2 | Bought a potion of mutation for 160 gold pieces
 51550 | Depths:2 | Bought a potion of berserk rage for 100 gold pieces
 51550 | Depths:2 | Bought a potion of brilliance for 80 gold pieces
 51550 | Depths:2 | Bought a potion of curing for 60 gold pieces
 51550 | Depths:2 | Bought a potion of might for 80 gold pieces
 51550 | Depths:2 | Bought a potion of curing for 60 gold pieces
 51550 | Depths:2 | Bought a potion of curing for 60 gold pieces
 51627 | Zot:1    | Entered Level 1 of the Realm of Zot
 52088 | Zot:2    | Identified the orb of Socolex {*channel, Harm +Inv Stlth-
                  | Hexes}
 52091 | Zot:2    | Identified the +3 long sword of Mutilation {antimagic,
                  | rC++}
 52234 | Zot:3    | Reached skill level 15 in Translocations
 52381 | Zot:5    | Entered Level 5 of the Realm of Zot
 52465 | Zot:5    | Noticed an electric golem
 52473 | Zot:5    | Killed an electric golem
 52749 | Zot:5    | Got a prismatic gem with 27 turns to spare
 52779 | Zot:5    | Noticed an ancient lich
 52790 | Zot:5    | Killed an ancient lich
 52808 | Zot:5    | Noticed an orb of fire
 52809 | Zot:5    | Noticed an ancient lich
 52811 | Zot:5    | Noticed an orb of fire
 52813 | Zot:5    | Killed an ancient lich
 52817 | Zot:5    | Noticed an electric golem
 52819 | Zot:5    | Killed an orb of fire
 52822 | Zot:5    | Killed an orb of fire
 52833 | Zot:5    | Killed an electric golem
 52922 | Zot:5    | Reached skill level 18 in Translocations
 52942 | Zot:5    | Got the Orb of Zot
 52955 | Zot:5    | Noticed an ancient lich
 52956 | Zot:5    | Noticed an ancient lich
 53125 | Depths:4 | Noticed Kufiu the pandemonium lord
 53147 | Depths:4 | Noticed Wekeidibu the pandemonium lord
 53646 | D:$      | Escaped with the Orb!

Levels and vault maps discovered:
D:1:      lightli_arrival_farm, layout_loops_ring
D:2:      layout_loops_corners, serial_bayou_ford_a,
          hangedman_decor_diamond_cutter, minmay_shallow_snake_nest
D:3:      minmay_razor_zed, layout_basic, nicolae_houndstooth_variations
D:4:      layout_loops_cross, general_overflow_altar,
          biasface_ghost_orc_armoury, sigmund_edmund_badplayer, uniq_edmund,
          uniq_sigmund
D:5:      layout_basic, serial_shops, shop, uniq_grinder
D:6:      layout_loops_ring, hangedman_decor_riveting, nrook_mini_vaults
D:7:      layout_loops_cross, fedhas_ov_isle_minmay,
          minmay_temple_entry_statues_pillars
D:8:      layout_loops_corners, kennysheep_little_box, enter_bailey_4,
          serial_undead, serial_undead_f, serial_undead_a, serial_undead_a,
          serial_undead_d, kennysheep_windowed_goal, uniq_joseph
D:9:      layout_roguey, chequers_temple_overflow_statue_of_worship, uniq_pikel
D:10:     layout_gridville, led_sif_pool, mainiacjoe_overflow_24_doors,
          erik_lair_dragon, hiddenorc2_lemuel, gammafunk_ghost_necromancy
D:11:     layout_irregular_city, nicolae_trove_entry_free_sample,
          nicolae_have_a_lightning_rod, uniq_harold
D:12:     layout_basic, serial_bayou, serial_bayou_pond_a, serial_bayou_pond_b,
          serial_bayou_lagoon_a, serial_bayou_shore_a, serial_bayou_lake_a,
          serial_bayou_pond_a, drop_trap, uniq_josephine
D:13:     layout_rooms, uniq_nessos
D:14:     layout_loops_ring, david_vaults_2, minmay_door_square
D:15:     hangedman_spin_cycle
Temple:   nicolae_temple_figure_eight
Lair:1:   layout_regular_city, beast_lair_carwin_2
Lair:2:   layout_regular_city, nicolae_shoals_entry_roost,
          spider_nest_entry_funnel_web
Lair:3:   layout_misc_corridors
Lair:4:   layout_loops_ring
Lair:5:   cheibrodos_lair_end_hotspot, layout_gridlike,
          nicolae_slime_entry_slimehenge, basic_altar,
          portal_ice_cave_entry_pillars_1
Shoals:1: layout_shoals, serial_shops, bzr_entry_road, shop,
          nicolae_shop_peninsula, nicolae_shop_behind_doors
Shoals:2: layout_shoals, nicolae_stop_n_shop_2,
          nicolae_shoals_former_cling_halls
Shoals:3: layout_shoals, serial_shops, shop, uniq_polyphemus, uniq_aizul,
          uniq_ilsuiw
Shoals:4: shoals_end_simple, layout_shoals, ebering_ghost_davey_jones,
          nicolae_shoals_pincushion_passage
Spider:1: layout_spider_delve, uniq_frances
Spider:2: nicolae_spider_mines_2
Spider:3: layout_spider_delve, hangedman_spider_tarantella_strand
Spider:4: grunt_spider_rune_parallel, nicolae_spider_twisty_arc_passages
Orc:1:    layout_caves, special_room [special_room_bee],
          lightli_volcano_entry_magma_tube, basic_altar, mines4_lemuel
Orc:2:    st_orc_congregation, layout_diamond_mine, serial_shops, shop,
          mines5_lemuel, uniq_azrael
Elf:1:    layout_geoelf_grid, portal_desolation_entry_ruin, serial_shops, shop,
          minmay_elf_necromancy, nicolae_elf_w_pinch, onia_ninara_cookie,
          uniq_louise, uniq_donald
Elf:2:    elven_hall_of_blades_hangedman_original
          [nicolae_blade_entry_crossed_weapons], layout_loops_corners,
          special_room [special_room_mythical_zoo], serial_shops,
          nicolae_shop_trees
Elf:3:    grunt_elf_hall_asides, layout_onion_city
Vaults:1: hangedman_vaults_river_flow, ontoclasm_vaults_idyll,
          vaults_mumra_chevron_long, v_rooms_5,
          nicolae_vaults_trapezoid_lopsided_3, vaults_dpeg_emergency_exit,
          vaults_room_hangedman_quadrants, nicolae_vaults_turnstiles,
          nicolae_vaults_trapezoid_lopsided_3, layout_vaults_omnigrid,
          uniq_norris
Vaults:2: nicolae_vaults_fighting_squares, nicolae_vaults_twisting_passages,
          v_misc_16, lightli_orcish_oven, nicolae_vaults_trapezoid_2,
          vaults_room_pools, v_rooms_3, v_misc_31,
          nicolae_vaults_surprise_closet, nicolae_vaults_tetromino_L_1,
          vaults_room_fancy_cross, layout_vaults_big_room, uniq_frederick,
          uniq_asterion
Vaults:3: v_misc_27, nicolae_vaults_storing_the_good_stuff,
          ontoclasm_vaults_twist, nicolae_vaults_oval_intersection,
          minmay_crypt_entry_skeletal_spiral, nicolae_vaults_octothorpe,
          v_misc_11, hangedman_vaults_impose, v_alt_pattern_1,
          nicolae_vaults_sealed_display, nicolae_vaults_trapezoid_lopsided_2,
          nicolae_vaults_apartment_1, ontoclasm_vaults_shuriken,
          layout_vaults_ring, serial_shops, nicolae_shop_dealshenge,
          uniq_xtahua, uniq_mennas, uniq_margery, uniq_sojobo
Vaults:4: ontoclasm_vaults_gateway, nicolae_vaults_trapezoid_lopsided_4,
          nicolae_vaults_ring_of_whatevers, nicolae_vaults_tangram_2,
          nicolae_vaults_trapezoid_lopsided_4, v_misc_16, st_squares,
          nicolae_vaults_puzzle_piece, ontoclasm_vaults_ring_square,
          ontoclasm_vaults_pinch, minmay_orc_keep, vaults_mumra_hexcomb,
          vaults_dpeg_encased_lava, nicolae_vaults_tetromino_L_1,
          layout_vaults_maze_snakey
Vaults:5
Crypt:1:  layout_gridlike, grunt_megastairs_2
Crypt:2:  cheibrodos_crypt_down_in_the_bonehoard, layout_basic, st_stairs_12
Crypt:3:  church_of_pain_bobbens, layout_chaotic_city
Depths:1: layout_small_grid, hell_entry, muffindrake_ghost_dual_entry,
          grunt_pan_entry_spiral, elyvilon_altar_4,
          minmay_guarded_unrand_wrath_of_trog
Depths:2: dreamdust_hydra_shepherd, layout_basic, serial_shops, kennysheep_mini,
          minmay_misc_feat_plants, grunt_pan_entry_in_and_out,
          abyss_entry_crystal, grunt_hell_entry_dis_mu
Depths:3: cheibrodos_spurs, layout_gridville, hell_entry, pan_entry,
          abyss_entry, uniq_jory
Depths:4: evilmike_zot_entry_round, layout_cave_shapes, enter_ziggurat_a,
          abyss_entry_small_statue_room, grunt_hell_horde, dk_noncrumbling_2
Zot:1:    grunt_twist_and_shout, layout_onion_interference
Zot:2:    evilmike_crystal_ball_defense, layout_basic, st_small_dragon_hoard_4
Zot:3:    layout_basic
Zot:4:    cheibrodos_zot_enchanting_chambers, layout_basic, grunt_megastairs_1,
          uniq_grunn, uniq_josephina
Zot:5:    layout_basic

Action                     |  1- 3 |  4- 6 |  7- 9 | 10-12 | 13-15 | 16-18 | 19-21 | 22-24 | 25-27 || total
---------------------------+-------+-------+-------+-------+-------+-------+-------+-------+-------++-------
  Melee: Dagger            |    63 |   123 |    87 |       |       |       |       |       |       ||   273
         Mace              |    57 |     9 |       |       |       |       |       |       |       ||    66
         Trident           |       |   157 |    33 |       |       |       |       |       |       ||   190
         Flail             |       |       |   201 |     1 |       |       |       |       |       ||   202
         War axe           |       |       |   148 |    36 |       |       |       |       |       ||   184
         Long sword        |       |       |       |   381 |   508 |   524 |  1077 |  1476 |   310 ||  4276
         Short sword       |       |       |       |   311 |       |       |       |       |       ||   311
         Broad axe         |       |       |       |    42 |       |       |       |       |       ||    42
         Scimitar          |       |       |       |    60 |   512 |  1230 |  1109 |  1539 |   316 ||  4766
         Demon blade       |       |       |       |       |       |       |       |       |  1561 ||  1561
  Throw: Dart              |     9 |    33 |    16 |    10 |     1 |     4 |       |       |       ||    73
   Cast: Manifold Assault  |       |       |       |       |       |       |    59 |    21 |       ||    80
 Invoke: Sacrifice Artific |       |       |     1 |       |       |       |       |       |       ||     1
         Sacrifice Essence |       |       |       |     1 |     1 |     1 |       |       |       ||     3
         Sacrifice Love    |       |       |       |     1 |       |       |       |       |       ||     1
         Reject Sacrifices |       |       |       |     1 |       |       |       |       |       ||     1
         Apocalypse        |       |       |       |       |     3 |     6 |     7 |     7 |     1 ||    24
         Sacrifice Stealth |       |       |       |       |     1 |       |       |       |       ||     1
         Power Leap        |       |       |       |       |     1 |       |       |       |     1 ||     2
         Sacrifice Forms   |       |       |       |       |       |     1 |       |       |       ||     1
  Evoke: Wand              |       |     1 |     4 |       |       |       |       |       |       ||     5
    Use: Scroll            |     1 |     2 |    11 |    19 |     4 |     2 |     4 |       |    30 ||    73
         Potion            |       |       |       |     2 |     2 |       |     2 |     1 |    10 ||    17
   Stab: Sleeping          |     6 |     9 |     6 |     3 |     1 |       |       |       |       ||    25
         Distracted        |       |     2 |       |     9 |     4 |    11 |     9 |    14 |     6 ||    55
         Invisible         |       |       |       |     8 |     5 |    20 |    16 |    14 |    13 ||    76
         Petrifying        |       |       |       |     1 |       |       |     8 |       |     5 ||    14
         Paralysed         |       |       |       |       |    11 |     6 |     3 |    25 |    13 ||    58
         Petrified         |       |       |       |       |       |     3 |    14 |       |       ||    17
         Confused          |       |       |       |       |       |       |       |       |    13 ||    13
 Armour: Ring mail         |    41 |    63 |   169 |   172 |   182 |   178 |       |       |       ||   805
         Robe              |     5 |       |       |       |       |       |       |       |       ||     5
         Leather armour    |       |       |    21 |       |    18 |       |       |       |       ||    39
         Scale mail        |       |       |       |       |    13 |   171 |   327 |     6 |       ||   517
         Skin              |       |       |       |       |       |     5 |       |       |       ||     5
         Quicksilver drago |       |       |       |       |       |       |       |   273 |   186 ||   459
         Gold dragon scale |       |       |       |       |       |       |       |       |   203 ||   203
  Dodge: Dodged            |    25 |    75 |   196 |   233 |   314 |  1000 |   969 |  1079 |  1070 ||  4961
